APP
SAN DIEGO (APP) PADRES @ KINGSPORT METS
08/03/2045
 
TOP OF THE 1ST
San Diego (APP) Padres batting - Pitching for Kingsport Mets : RHP Matt Bennett
Pitching: RHP Matt Bennett
Batting: LHB Tony Contreras 0-0: Ball
1-0: SOLO HOME RUN (Flyball, 89XD, EV 102.5 MPH), Distance : 402 ft
Batting: RHB Aaron Joseph 0-0: Called Strike
0-1: Ball
1-1: SINGLE (Line Drive, 78S, EV 101.9 MPH)
Batting: LHB Hugo MacBeth 0-0: Foul Ball, location: 2F
0-1: Foul Ball, location: 2F
0-2: Ball
1-2: Ball
2-2: Ball
3-2: Base on Balls
Aaron Joseph to second
Batting: RHB Freddie Brown 0-0: Swinging Strike
0-1: Foul Ball, location: 2F
0-2: Ball
1-2: Ball
2-2: Fly out, F9 (Flyball, 89M, EV 86.9 MPH)
Runner from 2nd tags up, SAFE at 3rd with throw by RF
Batting: RHB Antonio Lara 0-0: Ball
1-0: Called Strike
1-1: Foul Ball, location: 2F
1-2: Ball
2-2: Strikes out swinging
Batting: RHB Hector Fernandez 0-0: Called Strike
0-1: SINGLE (Line Drive, 8LS, EV 106.9 MPH)
Aaron Joseph scores
Hugo MacBeth to second
Batting: RHB Max Stillo 0-0: Ball
Wild Pitch!
Hugo MacBeth to third
Hector Fernandez to second
1-0: Swinging Strike
Balk!
Hugo MacBeth scores
Hector Fernandez to third
1-1: Swinging Strike
1-2: Foul Ball, location: 2F
1-2: Strikes out swinging
Top of the 1st over - 3 runs, 3 hits, 0 errors, 1 left on base; San Diego (APP) 3 - Kingsport 0
BOTTOM OF THE 1ST
Kingsport Mets batting - Pitching for San Diego (APP) Padres : RHP Mason Broderick
Pitching: RHP Mason Broderick
Batting: SHB Jason Larson 0-0: Called Strike
0-1: Foul Ball, location: 2F
0-2: Ball
1-2: Ground out 6-3 (Groundball, 6, EV 83.1 MPH)
Batting: LHB Jeremy Moorehead 0-0: Foul Ball, location: 2F
0-1: Ball
1-1: Foul Ball, location: 2F
1-2: Strikes out looking
Batting: SHB Justin Wallace 0-0: Swinging Strike
0-1: Foul Ball, location: 2F
0-2: Ball
1-2: Fly out, F6 (Popup, 4MD, EV 66.9 MPH)
Bottom of the 1st over - 0 runs, 0 hits, 0 errors, 0 left on base; San Diego (APP) 3 - Kingsport 0
TOP OF THE 2ND
San Diego (APP) Padres batting - Pitching for Kingsport Mets : RHP Matt Bennett
Batting: RHB Victor Contreras 0-0: Called Strike
0-1: Swinging Strike
0-2: Foul Ball, location: 2F
0-2: Ball
1-2: Strikes out swinging
Batting: RHB Ed Oake 0-0: Called Strike
0-1: Foul Ball, location: 2F
0-2: Ball
1-2: Ball
2-2: Strikes out swinging
Batting: LHB Tony Contreras 0-0: Ball
1-0: SINGLE (Groundball, 3D, EV 98.8 MPH)
Batting: RHB Aaron Joseph 0-0: Ball
Tony Contreras steals 2nd base (no throw)
1-0: Hit by Pitch
Batting: LHB Hugo MacBeth 0-0: Called Strike
0-1: Ball
1-1: Ball
2-1: Ball
Wild Pitch!
Tony Contreras to third
Aaron Joseph to second
3-1: Base on Balls
Batting: RHB Freddie Brown 0-0: Called Strike
0-1: Ball
1-1: Ball
2-1: Foul Ball, location: 2F
2-2: Hit by Pitch
Tony Contreras scores
Aaron Joseph to third
Hugo MacBeth to second
Batting: RHB Antonio Lara 0-0: Ball
1-0: Fly out, F7 (Flyball, 78D, EV 93.8 MPH)
Top of the 2nd over - 1 run, 1 hit, 0 errors, 3 left on base; San Diego (APP) 4 - Kingsport 0
BOTTOM OF THE 2ND
Kingsport Mets batting - Pitching for San Diego (APP) Padres : RHP Mason Broderick
Batting: RHB Artyom Shavkunov 0-0: Ball
1-0: Ball
2-0: Ball
3-0: Called Strike
3-1: Ground out U3 (Groundball, 34, EV 101.9 MPH)
Batting: SHB Callum Lynch 0-0: Ball
1-0: Foul Ball, location: 2F
1-1: Ground out 6-3 (Groundball, 56, EV 105.6 MPH)
Batting: RHB Jake Geib 0-0: Foul Ball, location: 2F
0-1: Fly out, F7 (Flyball, 7LM, EV 96.2 MPH)
Bottom of the 2nd over - 0 runs, 0 hits, 0 errors, 0 left on base; San Diego (APP) 4 - Kingsport 0
TOP OF THE 3RD
San Diego (APP) Padres batting - Pitching for Kingsport Mets : RHP Matt Bennett
Batting: RHB Hector Fernandez 0-0: Ball
1-0: Called Strike
1-1: Reached on error, E5 (Groundball, 56, EV 91.9 MPH)
Batting: RHB Max Stillo 0-0: Ball
1-0: Called Strike
1-1: Called Strike
1-2: 2-RUN HOME RUN (Flyball, 9D, EV 98.1 MPH), Distance : 383 ft
Batting: RHB Victor Contreras 0-0: Called Strike
0-1: Ball
1-1: Called Strike
1-2: Strikes out swinging
Batting: RHB Ed Oake 0-0: Called Strike
0-1: Called Strike
0-2: Foul Ball, location: 2F
0-2: Ball
1-2: SOLO HOME RUN (Flyball, 7D, EV 93.8 MPH), Distance : 363 ft
Batting: LHB Tony Contreras 0-0: Called Strike
0-1: Swinging Strike
0-2: Ball
1-2: Ball
2-2: Ball
3-2: DOUBLE (Groundball, 3L, EV 101.2 MPH)
Batting: RHB Aaron Joseph 0-0: Called Strike
0-1: Called Strike
0-2: Strikes out swinging
Batting: LHB Hugo MacBeth 0-0: Called Strike
0-1: Ball
1-1: Ball
2-1: Foul Ball, location: 2F
2-2: Strikes out swinging
Top of the 3rd over - 3 runs, 3 hits, 1 error, 1 left on base; San Diego (APP) 7 - Kingsport 0
BOTTOM OF THE 3RD
Kingsport Mets batting - Pitching for San Diego (APP) Padres : RHP Mason Broderick
Batting: RHB Frank Shaw 0-0: Ball
1-0: Ball
2-0: Foul Ball, location: 2F
2-1: Called Strike
2-2: Fly out, F9 (Flyball, 89S, EV 86.2 MPH)
Batting: SHB Jason Caruso 0-0: Ball
1-0: Ball
2-0: Foul Ball, location: 2F
2-1: Foul Ball, location: 2F
2-2: Ball
3-2: Strikes out swinging
Batting: RHB Jack Nickleberry 0-0: Swinging Strike
0-1: Ball
1-1: Ground out 5-3 (Groundball, 56, EV 86.2 MPH)
Bottom of the 3rd over - 0 runs, 0 hits, 0 errors, 0 left on base; San Diego (APP) 7 - Kingsport 0
TOP OF THE 4TH
San Diego (APP) Padres batting - Pitching for Kingsport Mets : RHP Matt Bennett
Batting: RHB Freddie Brown 0-0: Ball
1-0: Ball
2-0: Ball
3-0: Called Strike
3-1: Base on Balls
Batting: RHB Antonio Lara 0-0: Ball
1-0: Called Strike
1-1: Foul Ball, location: 2F
1-2: Strikes out swinging
Batting: RHB Hector Fernandez 0-0: Ball
Freddie Brown steals 2nd base
1-0: Called Strike
1-1: SINGLE (Flyball, 89S, EV 88.8 MPH)
Freddie Brown to third
Runner from 3rd tries for Home, SAFE, throw by RF to home
Hector Fernandez to second
Pitching: RHP Andy Carrell
Batting: RHB Max Stillo 0-0: Foul Ball, location: 2F
0-1: Swinging Strike
0-2: Strikes out swinging
Batting: RHB Victor Contreras 0-0: Called Strike
0-1: Ball
1-1: Swinging Strike
1-2: Foul Ball, location: 2F
1-2: Fly out, F8 (Line Drive, 8RM, EV 96.9 MPH)
Top of the 4th over - 1 run, 1 hit, 0 errors, 1 left on base; San Diego (APP) 8 - Kingsport 0
BOTTOM OF THE 4TH
Kingsport Mets batting - Pitching for San Diego (APP) Padres : RHP Mason Broderick
Batting: SHB Jason Larson 0-0: Called Strike
0-1: Ball
1-1: Swinging Strike
1-2: Ball
2-2: Ball
3-2: Base on Balls
Batting: LHB Jeremy Moorehead 0-0: Ball
Jason Larson steals 2nd base
1-0: Foul Ball, location: 2F
1-1: Ball
2-1: Foul Ball, location: 2F
2-2: Ball
3-2: Foul Ball, location: 2F
3-2: Base on Balls
Batting: SHB Justin Wallace 0-0: Grounds into double play, 4-6-3 (Groundball, 4, EV 109.4 MPH)
Jason Larson to third
Batting: RHB Artyom Shavkunov 0-0: Called Strike
0-1: SINGLE (Line Drive, 8RS, EV 111.9 MPH)
Jason Larson scores
Batting: SHB Callum Lynch 0-0: Foul Ball, location: 2F
0-1: Ball
1-1: Fielders Choice at 2nd, 6-4 (Groundball, 6, EV 91.9 MPH)
Bottom of the 4th over - 1 run, 1 hit, 0 errors, 1 left on base; San Diego (APP) 8 - Kingsport 1
TOP OF THE 5TH
San Diego (APP) Padres batting - Pitching for Kingsport Mets : RHP Andy Carrell
Batting: RHB Ed Oake 0-0: Ball
1-0: Ball
2-0: Ball
3-0: Base on Balls
Batting: LHB Tony Contreras 0-0: Called Strike
0-1: Ball
1-1: Ball
2-1: Called Strike
2-2: Strikes out swinging
Batting: RHB Aaron Joseph 0-0: Ball
1-0: Ball
2-0: Foul Ball, location: 2F
2-1: Foul Ball, location: 2F
2-2: Strikes out swinging
Batting: LHB Hugo MacBeth 0-0: Ball
1-0: Foul Ball, location: 2F
1-1: Ball
Passed Ball!
Ed Oake to second
2-1: Fly out, F6 (Line Drive, 6, EV 75.6 MPH)
Top of the 5th over - 0 runs, 0 hits, 0 errors, 1 left on base; San Diego (APP) 8 - Kingsport 1
BOTTOM OF THE 5TH
Kingsport Mets batting - Pitching for San Diego (APP) Padres : RHP Mason Broderick
Batting: RHB Jake Geib 0-0: Called Strike
0-1: Ball
1-1: Ball
2-1: Ground out 4-3 (Groundball, 34, EV 95.0 MPH)
Batting: RHB Frank Shaw 0-0: Foul Ball, location: 2F
0-1: Ball
1-1: Swinging Strike
1-2: Foul Ball, location: 2F
1-2: Fly out, F7 (Line Drive, 7, EV 96.9 MPH)
Batting: SHB Jason Caruso 0-0: Ball
1-0: Foul Ball, location: 2F
1-1: Ball
2-1: Ball
3-1: Ground out 6-3 (Groundball, 6, EV 81.9 MPH)
Bottom of the 5th over - 0 runs, 0 hits, 0 errors, 0 left on base; San Diego (APP) 8 - Kingsport 1
TOP OF THE 6TH
San Diego (APP) Padres batting - Pitching for Kingsport Mets : RHP Andy Carrell
Batting: RHB Freddie Brown 0-0: Called Strike
0-1: Ball
1-1: Called Strike
1-2: Strikes out swinging
Batting: RHB Antonio Lara 0-0: Called Strike
0-1: Called Strike
0-2: Foul Ball, location: 2F
0-2: Ball
1-2: Ball
2-2: Ground out 5-3 (Groundball, 56S, EV 63.8 MPH)
Batting: RHB Hector Fernandez 0-0: SINGLE (Groundball, 56S, EV 70.6 MPH) (infield hit)
Batting: RHB Max Stillo 0-0: Ball
1-0: Ball
2-0: Called Strike
2-1: Called Strike
2-2: Foul Ball, location: 2F
2-2: Foul Ball, location: 2F
2-2: Ball
3-2: Base on Balls
Hector Fernandez to second
Pitching: LHP Scott Carr
Batting: RHB Victor Contreras 0-0: Ball
1-0: Ball
2-0: Ball
3-0: Called Strike
3-1: Foul Ball, location: 2F
3-2: Fly out, F8 (Flyball, 8RD, EV 105.6 MPH)
Top of the 6th over - 0 runs, 1 hit, 0 errors, 2 left on base; San Diego (APP) 8 - Kingsport 1
BOTTOM OF THE 6TH
Kingsport Mets batting - Pitching for San Diego (APP) Padres : RHP Mason Broderick
Batting: RHB Jack Nickleberry 0-0: Ball
1-0: Ball
2-0: Called Strike
2-1: SINGLE (Groundball, 4MD, EV 96.2 MPH)
Batting: SHB Jason Larson 0-0: Ball
1-0: Ball
2-0: Called Strike
2-1: Foul Ball, location: 2F
2-2: Ball
3-2: Foul Ball, location: 2F
3-2: Base on Balls
Jack Nickleberry to second
Batting: LHB Jeremy Moorehead 0-0: Ball
1-0: Ball
2-0: Ball
3-0: Swinging Strike
3-1: Fielders Choice at 2nd, 1-6 (Groundball, 23, EV 64.4 MPH)
Jack Nickleberry to third
Batting: SHB Justin Wallace 0-0: Called Strike
Jeremy Moorehead steals 2nd base
0-1: Foul Ball, location: 2F
0-2: Strikes out looking
Batting: RHB Artyom Shavkunov 0-0: Called Strike
0-1: Foul Ball, location: 2F
0-2: Foul Ball, location: 2F
0-2: Strikes out swinging
Bottom of the 6th over - 0 runs, 1 hit, 0 errors, 2 left on base; San Diego (APP) 8 - Kingsport 1
TOP OF THE 7TH
San Diego (APP) Padres batting - Pitching for Kingsport Mets : LHP Scott Carr
Pinch Hitting: RHB Brian Klinkner 0-0: Foul Ball, location: 2F
0-1: Foul Ball, location: 2F
0-2: Strikes out swinging
Batting: LHB Tony Contreras 0-0: Ball
1-0: Ball
2-0: Called Strike
2-1: Ball
3-1: Base on Balls
Batting: RHB Aaron Joseph 0-0: Called Strike
0-1: Swinging Strike
0-2: Foul Ball, location: 2F
0-2: Ball
1-2: Strikes out looking
Batting: LHB Hugo MacBeth 0-0: Foul Ball, location: 2F
0-1: Called Strike
0-2: Foul Ball, location: 2F
0-2: Foul Ball, location: 2F
0-2: Ball
1-2: SINGLE (Groundball, 34, EV 106.9 MPH)
Tony Contreras to second
Pitching: LHP Tony Diaz
Batting: RHB Freddie Brown 0-0: Ball
1-0: Called Strike
1-1: Called Strike
1-2: Strikes out swinging
Top of the 7th over - 0 runs, 1 hit, 0 errors, 2 left on base; San Diego (APP) 8 - Kingsport 1
BOTTOM OF THE 7TH
Kingsport Mets batting - Pitching for San Diego (APP) Padres : RHP Mason Broderick
Now at 3B: Max Stillo
Now at SS: Ruben Luis
Batting: SHB Callum Lynch 0-0: Swinging Strike
0-1: Ball
1-1: Hit by Pitch
Batting: RHB Jake Geib 0-0: Ball
1-0: Foul Ball, location: 2F
1-1: Ball
2-1: Foul Ball, location: 2F
2-2: Ball
3-2: Fly out, F7 (Flyball, 7D, EV 108.1 MPH)
Pitching: RHP Dave Waterman
Batting: RHB Frank Shaw 0-0: Ball
1-0: Fly out, F4 (Popup, 34D, EV 62.5 MPH)
Batting: SHB Jason Caruso 0-0: Swinging Strike
0-1: Foul Ball, location: 2F
0-2: Foul Ball, location: 2F
0-2: Strikes out swinging
Bottom of the 7th over - 0 runs, 0 hits, 0 errors, 1 left on base; San Diego (APP) 8 - Kingsport 1
TOP OF THE 8TH
San Diego (APP) Padres batting - Pitching for Kingsport Mets : LHP Tony Diaz
Batting: RHB Antonio Lara 0-0: Ball
1-0: Foul Ball, location: 2F
1-1: Called Strike
1-2: Ball
2-2: Foul Ball, location: 2F
2-2: Ball
3-2: Strikes out looking
Batting: RHB Hector Fernandez 0-0: Called Strike
0-1: Ground out 6-3 (Groundball, 4MS, EV 86.2 MPH)
Batting: RHB Max Stillo 0-0: Ground out 4-3 (Groundball, 34, EV 100.6 MPH)
Top of the 8th over - 0 runs, 0 hits, 0 errors, 0 left on base; San Diego (APP) 8 - Kingsport 1
BOTTOM OF THE 8TH
Kingsport Mets batting - Pitching for San Diego (APP) Padres : RHP Dave Waterman
Batting: RHB Jack Nickleberry 0-0: Ball
1-0: Reached on error, E3 (Groundball, 3L, EV 81.9 MPH)
Pinch Hitting: SHB Nick Daigle 0-0: Fielders Choice at 2nd, 3-6 (Groundball, 34, EV 94.4 MPH)
Batting: LHB Jeremy Moorehead 0-0: Called Strike
0-1: Swinging Strike
0-2: Ball
1-2: Ball
2-2: Ball
3-2: Strikes out looking
Batting: SHB Justin Wallace 0-0: Called Strike
0-1: Ball
1-1: SINGLE (Groundball, 6MD, EV 110.0 MPH)
Nick Daigle to second
Batting: RHB Artyom Shavkunov 0-0: Ball
1-0: Called Strike
1-1: Swinging Strike
1-2: Foul Ball, location: 2F
1-2: Strikes out looking
Bottom of the 8th over - 0 runs, 1 hit, 1 error, 2 left on base; San Diego (APP) 8 - Kingsport 1
TOP OF THE 9TH
San Diego (APP) Padres batting - Pitching for Kingsport Mets : LHP Tony Diaz
Now at 2B: Nick Daigle
Batting: RHB Victor Contreras 0-0: Fly out, F7 (Flyball, 7, EV 88.8 MPH)
Batting: RHB Ruben Luis 0-0: Ball
1-0: Ground out 6-3 (Groundball, 6, EV 104.4 MPH)
Batting: LHB Tony Contreras 0-0: Ball
1-0: Foul Ball, location: 2F
1-1: Ball
2-1: Ball
3-1: Foul Ball, location: 2F
3-2: SINGLE (Groundball, 6MD, EV 103.8 MPH)
Pitching: RHP Thomas Clark
Batting: RHB Aaron Joseph 0-0: Called Strike
0-1: Ball
1-1: DOUBLE (Line Drive, 89XD, EV 105.6 MPH)
Tony Contreras to third
Runner from 3rd tries for Home, SAFE, throw by CF to home
Pinch Hitting: RHB Bernardino Truyeres 0-0: Ball
1-0: Ball
2-0: Called Strike
2-1: Foul Ball, location: 2F
2-2: Strikes out swinging
Top of the 9th over - 1 run, 2 hits, 0 errors, 1 left on base; San Diego (APP) 9 - Kingsport 1
BOTTOM OF THE 9TH
Kingsport Mets batting - Pitching for San Diego (APP) Padres : RHP Dave Waterman
Now at C: Bernardino Truyeres
Batting: SHB Callum Lynch 0-0: Called Strike
0-1: Ball
1-1: Foul Ball, location: 2F
1-2: Foul Ball, location: 2F
1-2: Strikes out looking
Batting: RHB Jake Geib 0-0: Ball
1-0: Ball
2-0: Foul Ball, location: 2F
2-1: Ball
3-1: Called Strike
3-2: Fly out, F4 (Popup, 3S, EV 83.8 MPH)
Pinch Hitting: LHB Mototsune Suzuki 0-0: Ball
1-0: Called Strike
1-1: Foul Ball, location: 2F
1-2: Strikes out swinging
Bottom of the 9th over - 0 runs, 0 hits, 0 errors, 0 left on base; San Diego (APP) 9 - Kingsport 1
Wednesday, June 22nd , 2022 - OOTP Baseball 23.4 Build 64